 Dungeon Crawl Stone Soup version 0.22-a0-354-g30dfbe6 (webtiles) character file.

51 Amnesiac the Grave Robber (level 3, -2/26 HPs)
             Began as a Mummy Necromancer on Apr 16, 2018.
             Slain by an adder (4 damage)
             ... on level 3 of the Dungeon.
             The game lasted 00:02:05 (921 turns).

Amnesiac the Grave Robber (Mummy Necromancer)        Turns: 921, Time: 00:02:06

Health: -2/26      AC:  3    Str: 11    XL:     3   Next: 58%
Magic:  0/7        EV: 12    Int: 15    God:
Gold:   37         SH:  0    Dex: 12    Spells: 4/8 levels left

rFire    x . .     SeeInvis .   (no weapon)
rCold    + . .     Gourm    .   (no shield)
rNeg     + + +     Faith    .   a - +1 robe
rPois    ∞         Spirit   .   (no helmet)
rElec    .         Reflect  .   (no cloak)
rCorr    .         Harm     .   (no gloves)
MR       .....                  (no boots)
Stlth    ++........             (no amulet)
HPRegen  0.08/turn              (no ring)
MPRegen  0.10/turn              (no ring)

@: very slightly contaminated
A: no food or potions, fire vulnerability, cold resistance 1, negative energy
resistance 3, torment resistance, unbreathing
a: no special abilities


You were on level 3 of the Dungeon.
You were not hungry.

You visited 1 branch of the dungeon, and saw 3 of its levels.

You collected 37 gold pieces.

Inventory:

Armour
 a - a +1 robe (worn)


   Skills:
 + Level 1.1 Fighting
 * Level 2.2 Dodging
 - Level 1.5 Stealth
 + Level 3.1 Spellcasting
 * Level 4.5 Necromancy


You had 4 spell levels left.
You knew the following spells:

 Your Spells              Type           Power        Failure   Level  Hunger
a - Pain                  Necr           ###.         3%          1    N/A
d - Vampiric Draining     Necr           ###.......   10%         3    N/A

Dungeon Overview and Level Annotations

Branches:
Dungeon (3/15)

Altars:
Vehumet


Innate Abilities, Weirdness & Mutations

You do not eat or drink.
Your flesh is vulnerable to fire.
You are immune to poison.
Your flesh is cold resistant. (rC+)
You are immune to negative energy. (rN+++)
You are immune to unholy pain and torment.
You can survive without breathing.


Message History

* * * LOW HITPOINT WARNING * * *
Casting: Pain (safe; 3% risk of failure)
Confirm with . or Enter, or press ? or * to list all spells.
You don't have enough magic to cast that spell.
A jackal comes into view.
The jackal barks!
You hear a bark!
You hear a shout!
A jackal comes into view.
A jackal comes into view.
The jackal barks!
The jackal bites you but does no damage.
The adder misses you.
You barely miss the jackal. The jackal closely misses you.
The adder misses you. The adder bites you.
* * * LOW HITPOINT WARNING * * *
The adder bites you.
* * * LOW HITPOINT WARNING * * *
The jackal completely misses you. The adder barely misses you.
Really read
e - a scroll labeled JUOS PIHIRR {!r}?
Blink to where?
Press: ? - help, Dir - move target cursor, p - adder You are very lightly contaminated with residual magic.
As you read the scroll labeled JUOS PIHIRR {!r}, it crumbles to dust.
It was a scroll of blinking {!r}.
An adder comes into view.
Really read
d - a scroll labeled YCIAS NAICS {!r}?
As you read the scroll labeled YCIAS NAICS {!r}, it crumbles to dust.
It is a scroll of identify.
b - a scroll of enchant armour {!r} Really read
c - a scroll labeled GUGREPROEKK {!r}?
As you read the scroll labeled GUGREPROEKK {!r}, it crumbles to dust.
You feel blessed for a moment.
It was a scroll of remove curse {!r}.
The adder hisses angrily.
The adder bites you but does no damage.
Casting: Pain (safe; 3% risk of failure)
Confirm with . or Enter, or press ? or * to list all spells.
Aiming: Pain (safe; 3% risk of failure)
Press: ? - help, Shift-Dir - straight line, f - adder
Aim: an adder (chance to defeat MR: 80%)
The adder barely resists.
The adder barely misses you. The adder closely misses you.
A jackal comes into view.
Casting: Pain (safe; 3% risk of failure)
Confirm with . or Enter, or press ? or * to list all spells.
Aiming: Pain (safe; 3% risk of failure)
Press: ? - help, Shift-Dir - straight line, f/p - adder
Aim: an adder (chance to defeat MR: 80%)
The adder writhes in agony!
The adder barely misses you. The adder misses you.
Unknown command.
You miss the adder.
The adder is heavily wounded.
The adder bites you.
* * * LOW HITPOINT WARNING * * *
The adder closely misses you. The adder misses you.
The adder bites you but does no damage.
Okay, then.
You can't drink.
Unknown command.
Really read
b - a scroll of enchant armour {!r}?
As you read the scroll of enchant armour {!r}, it crumbles to dust.
Your +0 robe glows green for a moment.
The adder barely misses you. The adder bites you.
You die...

#........##.##..#
..†#####..##.##..#
... ##...##.##..#
... #....##.##..#
... #.8..##.##.h#
... #...!##...hh#
##. ##.†.######h#
##.#####..# #S#
..........# #@#
##........# #S#
######$#.# #.#
#.#.######.#
#.#....†...#
#.########## #.#
#.# #.


You could see 2 adders and 4 jackals.

Vanquished Creatures
  4 adders
  A bat (D:1)
  A goblin (D:1)
  2 hobgoblins
  2 jackals (D:3)
  A kobold (D:3)
  A quokka (D:2)
  2 frilled lizards (D:2)
  2 rats
16 creatures vanquished.

Notes
Turn   | Place    | Note
-------+----------+-------------------------------------------
     0 | D:1      | Amnesiac the Mummy Necromancer began the quest for the Orb.
     0 | D:1      | Reached XP level 1. HP: 13/13 MP: 4/4
    95 | D:1      | Found a radiant altar of Vehumet.
   193 | D:2      | Reached XP level 2. HP: 20/20 MP: 1/5
   537 | D:2      | Reached XP level 3. HP: 18/25 MP: 3/7
   542 | D:2      | Learned a level 3 spell: Vampiric Draining
   728 | D:3      | Reached skill level 1 in Fighting
   921 | D:3      | Slain by an adder

Vault maps used:
D:1:      dpeg_arrival_lava_altar, moated_statue
D:2:      minmay_tromino_v2
D:3:      mrwooster_statue_mirror, minmay_close_crescents

Skill      XL: |  1  2  3 |
---------------+----------+-----
Dodging        | 2 |  2.2
Spellcasting   | 3 |  3.1
Fighting       | 1 |  1.1
Stealth        | |  1.5
Necromancy     | |  4.5

Action                   || total
-------------------------++-------
Melee: Unarmed           ||     6
 Cast: Pain              ||    49
  Use: Scroll            ||     4
Armor: Robe              ||     8
Dodge: Dodged            ||    35

Table legend:
 A = Spawn XP
 B = Non-spawn XP
 C = Spawn XP percentage of total XP
 D = Spawn monster count
 E = Non-spawn monster count
 F = Spawn count percentage of total count
 G = Total turns spent on level
                    A         B        C        D         E        F      G
               +---------+---------+-------+---------+---------+-------+---------
         Total |       0 |      74 |   0.0 |       0 |      16 |   0.0 |   921
               +---------+---------+-------+---------+---------+-------+---------
           D:1 |       0 |       5 |   0.0 |       0 |       3 |   0.0 |   188
           D:2 |       0 |      46 |   0.0 |       0 |       7 |   0.0 |   531
           D:3 |       0 |      23 |   0.0 |       0 |       6 |   0.0 |   202
               +---------+---------+-------+---------+---------+-------+---------
